 Dungeon Crawl Stone Soup version 0.26.1-11-gd32895ea62 (webtiles) character file.

Game seed: 3227674249306829182

436 vvl the Skirmisher (level 6, -4/34 (48) HPs)
             Began as a Demonspawn Fighter on July 5, 2021.
             Was a Follower of Kikubaaqudgha.
             Slain by an orc warrior
             ... wielding a +0 short sword of draining
              (6 damage)
             ... on level 4 of the Dungeon.
             The game lasted 00:07:39 (4510 turns).

vvl the Skirmisher (Demonspawn Fighter)             Turns: 4510, Time: 00:07:43

HP:   -4/34 (48)    AC:  9    Str: 16    XL:     6   Next: 69%
MP:   0/8           EV:  8    Int: 12    God:    Kikubaaqudgha [*.....]
Gold: 133           SH:  9    Dex: 12    Spells: 8/8 levels left

rFire    x . .     SeeInvis .   a - +0 flail
rCold    + . .     Faith    .   c - +0 kite shield
rNeg     . . .     Spirit   +   k - +3 leather armour
rPois    .         Reflect  .   (no helmet)
rElec    .         Harm     .   (no cloak)
rCorr    +         Rampage  .   o - +1 pair of gloves
Will     .....                  j - +0 pair of boots
Stlth    +.........             (no amulet)
HPRegen  0.11/turn              b - ring of ice
MPRegen  0.11/turn              l - ring of resist corrosion

@: very heavily drained
A: talons 1, magic shield
a: Renounce Religion, Receive Corpses


You were on level 4 of the Dungeon.
You worshipped Kikubaaqudgha.
Kikubaaqudgha was aware of your devotion.
You visited 1 branch of the dungeon, and saw 4 of its levels.

You collected 133 gold pieces.

Inventory:

Hand Weapons
 a - a +0 flail (weapon)
Armour
 c - a +0 kite shield (worn)
 j - a +0 pair of boots (worn)
 k - a +3 leather armour (worn)
 o - a +1 pair of gloves (worn)
Jewellery
 b - a ring of ice (left hand)
 l - a ring of resist corrosion (right hand)
Scrolls
 d - a scroll of random uselessness {unknown}
 e - 3 scrolls of enchant armour {unknown}
 f - 4 scrolls of identify {unknown}
 g - 5 scrolls of remove curse {unknown}
 i - a scroll of teleportation {unknown}
 m - 3 scrolls of enchant weapon {unknown}
 n - a scroll of immolation {unknown}
 q - a scroll of fog {unknown}
 t - a scroll of fear {unknown}
Potions
 h - 3 potions of curing {unknown}
 p - a potion of lignification {unknown}
 r - a potion of cancellation {unknown}
 s - 2 potions of degeneration {unknown}


   Skills:
 + Level 3.6 Fighting
 * Level 3.2 Maces & Flails
 + Level 3.3 Armour
 + Level 3.3 Shields
 + Level 1.6 Spellcasting
 * Level 3.1 Necromancy
 + Level 2.5 Invocations
 + Level 2.0 Evocations


You had 8 spell levels left.
You didn't know any spells.
Your spell library contained the following spells:

 Spells                   Type           Power        Failure   Level
 Pain                     Necr           32%          41%         1
 Sublimation of Blood     Necr           4%           54%         2
 Corpse Rot               Necr/Air       N/A          77%         2
 Vampiric Draining        Necr           4%           78%         3
 Corona                   Hex            0%           85%         1
 Ensorcelled Hibernation  Hex/Ice        2%           94%         2
 Confusing Touch          Hex            0%           99%         3
 Dazzling Flash           Conj/Hex       0%           99%         3
 Tukima's Dance           Hex            0%           99%         3


Dungeon Overview and Level Annotations

Branches:
Dungeon (4/15)             Temple (0/1) D:4

Altars:
Kikubaaqudgha
Uskayaw
Wu Jian


Innate Abilities, Weirdness & Mutations

You have sharp toenails.
When hurt, damage is shared between your health and your magic reserves.


Message History

The orc warrior hits you with a +0 short sword of draining!
* * * LOW HITPOINT WARNING * * *
You feel drained.
Your shield prevents you from hitting the orc warrior.
The orc warrior is moderately wounded.
The orc warrior hits you but does no damage.
You feel drained.
You hit the orc warrior.
The orc warrior is moderately wounded.
The orc warrior barely misses you.
You closely miss the orc warrior.
The orc warrior is moderately wounded.
You block the orc warrior's attack.
You closely miss the orc warrior.
The orc warrior is moderately wounded.
The orc warrior hits you with a +0 short sword of draining!
* * * LOW HITPOINT WARNING * * *
You feel drained.
You die...
Kikubaaqudgha rasps: "You have failed me!
Welcome... death!"

## # .# #. . #..#. #
#...# ## ##. #####
#oo###.# .... ...##
#@..# #...## #..##
##..##
......##...###..##
#..............###
####...##........#
##.#####...##.... #
##.# #..## ##..#
...###..## ##.# ##
.........###...####.


You could see an orc warrior and an orc.

Vanquished Creatures
  An ogre (D:4)
  A phantom (D:4)
  A centaur skeleton (D:4)
  An orc priest (D:4)
  2 orc wizards (D:4)
  A hound skeleton (D:4)
  5 adders
  An ooze (D:1)
  4 worms
  A dart slug (D:1)
  A leopard gecko (D:3)
  11 orcs
  A ball python (D:4)
  2 bat skeletons (D:3)
  3 bat zombies (D:3)
  6 goblins
  8 hobgoblins
  12 kobolds
  2 quokkas
  7 bats
  4 frilled lizards (D:1)
  4 rats
79 creatures vanquished.

Notes
Turn   | Place    | Note
-------+----------+-------------------------------------------
     0 | D:1      | vvl the Demonspawn Fighter began the quest for the Orb.
     0 | D:1      | Reached XP level 1. HP: 18/18 MP: 1/1
   231 | D:1      | Gained mutation: When hurt, damage is shared between your
                  | health and your magic reserves. [demonic ancestry]
   231 | D:1      | Reached XP level 2. HP: 24/24 MP: 2/2
   328 | D:1      | Noticed a bullfrog
   861 | D:1      | Reached skill level 1 in Necromancy
   880 | D:1      | Reached skill level 1 in Invocations
   914 | D:1      | Reached XP level 3. HP: 16/29 MP: 3/3
  1760 | D:2      | Found an ornate altar of the Wu Jian Council.
  2254 | D:3      | Gained mutation: You have sharp toenails. [demonic
                  | ancestry]
  2254 | D:3      | Reached XP level 4. HP: 35/35 MP: 4/4
  2334 | D:3      | Reached skill level 1 in Evocations
  2356 | D:3      | Found an ancient bone altar of Kikubaaqudgha.
  2371 | D:3      | Became a worshipper of Kikubaaqudgha
  2687 | D:3      | Found a hide-covered altar of Uskayaw.
  3144 | D:4      | Reached skill level 1 in Spellcasting
  3228 | D:4      | Reached XP level 5. HP: 34/41 MP: 6/6
  3648 | D:4      | Noticed an ogre
  3661 | D:4      | HP: 2/41 [ogre/+0 giant spiked club (8)]
  3663 | D:4      | Killed an ogre
  3664 | D:4      | Reached XP level 6. HP: 2/47 MP: 1/8
  3986 | D:4      | Reached * piety under Kikubaaqudgha
  3986 | D:4      | Identified Kikubaaqudgha's Compendium of Stolen Souls
                  | (Kikubaaqudgha gifted it to you on level 4 of the Dungeon)
  3986 | D:4      | Received a gift from Kikubaaqudgha
  4402 | D:4      | Found a staircase to the Ecumenical Temple.
  4494 | D:4      | Noticed an orc warrior
  4510 | D:4      | Slain by an orc warrior

Illustrated notes

Levels and vault maps discovered:
D:1:      evilmike_arrival_come_back, layout_loops_corners
D:2:      layout_rooms, old_standard_altar
D:3:      layout_loops_ring, kennysheep_vampire_church,
          eat_drink_and_be_merry_uskayaw
D:4:      layout_layer_cave, zin_academy, temple_green, uniq_duvessa

Skill      XL: |  1  2  3  4  5  6 |
---------------+-------------------+-----
Maces & Flails | 2 3 |  3.2
Necromancy     | 1 2 3 |  3.1
Invocations    | 1 2 |  2.5
Evocations     | 1 2 |  2.0
Armour         | 3 |  3.3
Shields        | 3 |  3.3
Spellcasting   | 1 |  1.6
Fighting       | |  3.6

Action                   |  1- 3 |  4- 6 || total
-------------------------+-------+-------++-------
Melee: Flail             |   127 |   206 ||   333
  Use: Potion            |       |     1 ||     1
 Stab: Sleeping          |     1 |       ||     1
Armor: Scale mail        |    29 |       ||    29
       Leather armour    |    17 |    91 ||   108
Dodge: Dodged            |    22 |    66 ||    88
Block: Kite shield       |    62 |   112 ||   174
